 Dungeon Crawl Stone Soup version 0.19-a0-1206-g6bcb79c (webtiles) character file.

636 Duffy the Chiller (level 7, 46/46 HPs)
             Began as a Demonspawn Ice Elementalist on Aug 21, 2016.
             Was a Follower of Makhleb.
             Quit the game on level 4 of the Dungeon.
             The game lasted 00:05:14 (6078 turns).

Duffy the Chiller (Demonspawn Ice Elementalist)     Turns: 6078, Time: 00:05:15

Health: 46/46      AC:  4    Str:  9    XL:     7   Next: 25%
Magic:  15/15      EV: 12    Int: 18    God:    Makhleb [*.....]
Gold:   175        SH:  0    Dex: 13    Spells: 2 memorised, 12 levels left

rFire  + . .     SeeInvis .     x - +2 scimitar (slice)
rCold  . . .     Gourm    .     u - +0 robe {rF+}
rNeg   . . .     Faith    .     (no shield)
rPois  .         Spirit   .     (helmet restricted)
rElec  .         Dismiss  .     (no cloak)
rCorr  .         Reflect  .     (no gloves)
MR     .....     Harm     .     (no boots)
Stlth  ++........               (no amulet)
                                (no ring)
                                (no ring)

@: no status effects
A: horns 1, yellow scales 1, demonic guardian 1, rot immunity
a: Renounce Religion


You were on level 4 of the Dungeon.
You worshipped Makhleb.
Makhleb was aware of your devotion.
You were not hungry.

You visited 1 branch of the dungeon, and saw 4 of its levels.

You collected 175 gold pieces.

Inventory:

Hand Weapons
 o - a +1 dagger of draining
 x - a +2 scimitar of slicing (weapon)
Armour
 a - a +0 robe
 u - a +0 robe of fire resistance (worn)
Wands
 s - a wand of slowing (33/48)
 v - a wand of flame (38/48)
Scrolls
 f - 6 scrolls of identify {unknown}
 g - 2 scrolls of remove curse {unknown}
 h - 4 scrolls of enchant weapon {unknown}
 j - a scroll of recharging {unknown}
 t - a scroll of enchant armour {unknown}
 w - a scroll of noise {unknown}
 y - a scroll of random uselessness {unknown}
Potions
 d - a potion of heal wounds {unknown}
 e - a potion of ambrosia {unknown}
 i - 3 potions of curing {unknown}
 k - 2 potions of mutation {unknown}
 n - a potion of cure mutation {unknown}
 p - 2 potions of magic {unknown}
 q - 3 potions of berserk rage {unknown}
 r - a potion of agility
Books
 b - a book of Frost

   Spells                             Type                      Level
   a - Freeze                         Ice                          1
   b - Throw Frost                    Conjuration/Ice              2
   c - Ozocubu's Armour               Charms/Ice                   3
   d - Throw Icicle                   Conjuration/Ice              4
   e - Summon Ice Beast               Ice/Summoning                4
 l - a book of Death

   Spells                             Type                      Level
   a - Corpse Rot                     Necromancy                   2
   b - Sublimation of Blood           Necromancy                   2
   c - Agony                          Necromancy                   5
   d - Dispel Undead                  Necromancy                   5
   e - Excruciating Wounds            Charms/Necromancy            5
   f - Bolt of Draining               Conjuration/Necromancy       5
Comestibles
 c - 3 bread rations
 m - a meat ration


   Skills:
 - Level 1.7 Dodging
 - Level 1.7 Stealth
 + Level 5.3 Spellcasting
   Level 1.0 Conjurations
 + Level 5.8 Ice Magic


You had 12 spell levels left.
You knew the following spells:

 Your Spells              Type           Power        Failure   Level  Hunger
a - Freeze                Ice            ####         1%          1    None
w - Ozocubu's Armour      Chrm/Ice       ###.....     14%         3    ##.....


Dungeon Overview and Level Annotations

Branches:
Dungeon (4/15)             Temple (0/1) D:4

Altars:
Elyvilon
Makhleb
Trog
Zin

Annotations:
D:3 Grinder


Innate Abilities, Weirdness & Mutations

You have a pair of small horns on your head.
You are partially covered in yellow scales. (AC +2)
A weak demonic guardian rushes to your aid.
You are immune to rotting.


Message History

There is an open door here.
As you open the door, it creaks loudly!
There is an open door here.
You open the door.
Found a stone staircase leading up.
There is an open door here.
No target in view!
No target in view!
No target in view!
No target in view!
No target in view!
No target in view!
No target in view!
No target in view!
No target in view!
No target in view!
Unknown command.
Unknown command.
Okay, then.
Are you sure you want to abandon this character and quit the game? (Confirm with "yes".)

########## #######........#
......#........#
......#........#
......#........#
###...#........#
###...#........#######
......#........'@....#
......#...))...#.....#
......'....)...#...!.#
.##...#........#<...##
.##...##'#.....###+###
.........#...........#
.##......#...........#
###......#...........+
.##......#...........##+######


There were no monsters in sight!

Vanquished Creatures
  Duvessa (D:4)
  An ogre (D:4)
  Blork the orc (D:4)
  Dowan (D:4)
  A hound (D:4)
  2 orc wizards (D:4)
  A centaur skeleton (D:4)
  Ijyb (D:2)
  The ghost of Duffy the Chiller, a weakling DsIE (D:3)
  3 gnolls
  3 adders
  5 worms
  4 dart slugs
  4 giant geckos
  2 orcs
  2 giant cockroaches (D:4)
  7 goblins
  13 hobgoblins
  11 jackals
  7 kobolds
  A quokka (D:3)
  A ball python (D:1)
  13 bats
  3 giant newts
  14 rats
103 creatures vanquished.

Notes
Turn   | Place    | Note
-------+----------+-------------------------------------------
     0 | D:1      | Duffy the Demonspawn Ice Elementalist began the quest for the Orb.
     0 | D:1      | Reached XP level 1. HP: 13/13 MP: 3/3
   216 | D:1      | Gained mutation: You are partially covered in yellow scales. (AC +2) [demonic ancestry]
   216 | D:1      | Reached XP level 2. HP: 19/19 MP: 3/5
   883 | D:1      | Reached XP level 3. HP: 24/24 MP: 4/6
  1175 | D:1      | Learned a level 3 spell: Ozocubu's Armour
  1920 | D:2      | Found a glowing silver altar of Zin.
  2034 | D:2      | Reached XP level 4. HP: 30/30 MP: 6/8
  2249 | D:2      | Found a burning altar of Makhleb.
  3265 | D:2      | Noticed Ijyb
  3275 | D:2      | Killed Ijyb
  3275 | D:2      | Gained mutation: You have a pair of small horns on your head. [demonic ancestry]
  3275 | D:2      | Reached XP level 5. HP: 27/35 MP: 1/10
  3838 | D:2      | Became a worshipper of Makhleb the Destroyer
  3991 | D:3      | Found a bloodstained altar of Trog.
  4165 | D:3      | Noticed Duffy's ghost (weakling DsIE)
  4176 | D:3      | Killed Duffy's ghost
  4568 | D:4      | Noticed an ogre
  4578 | D:4      | Killed an ogre
  4578 | D:4      | Gained mutation: You are immune to rotting. [demonic ancestry]
  4578 | D:4      | Reached XP level 6. HP: 17/41 MP: 2/12
  4803 | D:4      | Noticed Duvessa
  4803 | D:4      | Noticed Dowan
  4813 | D:4      | Killed Duvessa
  4813 | D:4      | Reached skill level 5 in Ice Magic
  4817 | D:4      | Killed Dowan
  5128 | D:4      | Noticed Grinder
  5319 | D:4      | Found a staircase to the Ecumenical Temple.
  5355 | D:4      | Reached skill level 5 in Spellcasting
  5609 | D:4      | Noticed Blork the orc
  5617 | D:4      | Killed Blork the orc
  5617 | D:4      | Gained mutation: A weak demonic guardian rushes to your aid. [demonic ancestry]
  5617 | D:4      | Reached XP level 7. HP: 30/46 MP: 8/14
  5887 | D:4      | Reached * piety under Makhleb
  5960 | D:4      | Found a white marble altar of Elyvilon.
  6078 | D:4      | Quit the game

Vault maps used:
D:1:      scummos_arrival_star, st_stairs_4
D:2:      nicolae_overflow_hidden_temple, lemuel_doored_altar, st_stairs_10,
          uniq_iyjb
D:3:      lemuel_crystal_altar, grunt_decor_one_mirror, st_stairs_5,
          minivault_24, kennysheep_pointless_box
D:4:      elyvilon_altar_1, first_bread, uniq_blork_the_orc, uniq_grinder,
          uniq_duvessa

Skill      XL: |  1  2  3  4  5  6 |
---------------+-------------------+-----
Ice Magic      | 3 4 5 |  5.8
Spellcasting   | 3 4 5 |  5.3
Dodging        | |  1.7
Stealth        | |  1.7
Conjurations   | |  1.0

Action                   |  1- 3 |  4- 6 |  7- 9 || total
-------------------------+-------+-------+-------++-------
Melee: Dagger            |    41 |    39 |       ||    80
       Headbutt          |       |     2 |     2 ||     4
       Scimitar          |       |       |    17 ||    17
 Cast: Freeze            |    83 |   131 |     1 ||   215
 Stab: Distracted        |       |       |     1 ||     1
  Eat: Chunk             |     4 |    11 |     1 ||    16
Armor: Robe              |    23 |    46 |     5 ||    74
Dodge: Dodged            |    68 |    98 |    10 ||   176
